 Dungeon Crawl Stone Soup version 0.28.0 (webtiles) character file.

Game seed: 5569718140055642491

119 freelancePsychic the Grave Robber (level 5, 0/41 HPs)
             Began as a Barachi Necromancer on Feb 17, 2022.
             Slain by an orc (2 damage)
             ... on level 3 of the Dungeon.
             The game lasted 00:05:20 (3525 turns).

freelancePsychic the Grave Robber (BaNe)            Turns: 3525, Time: 00:05:21

Health: 0/41       AC:  5    Str:  9    XL:     5   Next: 3%
Magic:  2/8        EV: 12    Int: 17    God:
Gold:   46         SH:  0    Dex: 13    Spells: 4/8 levels left

rFire   . . .      SeeInvis .   e - +2 falchion (protect)
rCold   . . .      Faith    .   (no shield)
rNeg    . . .      Spirit   .   a - +0 robe
rPois   .          Reflect  .   (no helmet)
rElec   .          Harm     .   (no cloak)
rCorr   .          Rampage  .   g - +2 pair of gloves
Will    .....                   (no boots)
Stlth   ++........              (no amulet)
HPRegen 0.13/turn               (no ring)
MPRegen 0.11/turn               (no ring)

@: slow
A: amphibious, slowness 1, strong legs 1, +LOS
a: Hop


You were on level 3 of the Dungeon.
You visited 1 branch of the dungeon, and saw 3 of its levels.

You collected 46 gold pieces.

Inventory:

Hand Weapons
 e - a +2 falchion of protection (weapon)
Armour
 a - a +0 robe (worn)
 c - a +0 buckler
 g - a +2 pair of gloves (worn)
Jewellery
 j - an amulet of guardian spirit
 k - a ring of poison resistance
Wands
 i - a wand of iceblast (8)
Scrolls
 b - 2 scrolls of identify {unknown}
 h - a scroll of enchant armour {unknown}
 l - a scroll of immolation {unknown}


   Skills:
 + Level 3.5 Fighting
 - Level 2.5 Dodging
 - Level 1.7 Stealth
 - Level 2.4 Spellcasting
 + Level 4.5 Necromancy


You had 4 spell levels left.
You knew the following spells:

 Your Spells              Type           Power      Damage    Failure   Level
a - Pain                  Necr           68%        1d7       3%          1
b - Vampiric Draining     Necr           17%        2d7       9%          3

Your spell library contained the following spells:

 Spells                   Type           Power      Damage    Failure   Level
 Animate Skeleton         Necr           34%        N/A       3%          1
 Animate Dead             Necr           8%         N/A       28%         4
 Agony                    Necr           17%        N/A       63%         5


Dungeon Overview and Level Annotations

Branches:
Dungeon (3/15)

Altars:

Shops:
D:2 [

Annotations:
D:2 exclusion: downstairs


Innate Abilities, Weirdness & Mutations

You are amphibious.
You cover ground slowly.
You can hop short distances.
You have an extended range of vision and can be seen from far away.


Message History

You draw life force from the orc.
The orc completely misses you.
You barely miss the orc.
The orc is severely wounded.
The orc misses you.
You closely miss the orc.
The orc is severely wounded.
The orc barely misses you.
You barely miss the orc.
The orc is heavily wounded.
The orc hits you with a +0 flail. The orc barely misses you.
The orc shouts!
You barely miss the orc.
The orc is heavily wounded.
The orc hits you with a +0 flail!
The orc hits you with a +2 whip of electrocution.
You are electrocuted!
You are too injured to fight recklessly!
You are too injured to fight recklessly!
Casting: Vampiric Draining (dangerous; 9% risk of failure)
Confirm with . or Enter, or press ? or * to list all spells.
Aiming: Vampiric Draining (dangerous; 9% risk of failure)
Press: ? - help, Shift-Dir - straight line, f/p - orc
Aim: an orc, wielding a +0 flail and wearing a +0 leather armour (heavily wounded)
You draw life force from the orc!
You kill the orc!
You feel life coursing into your body.
The orc hits you with a +2 whip of electrocution.
* * * LOW HITPOINT WARNING * * *
You are electrocuted!
* * * LOW HITPOINT WARNING * * *
Casting: Vampiric Draining (dangerous; 9% risk of failure)
Confirm with . or Enter, or press ? or * to list all spells.
You don't have enough magic to cast this spell.
Unknown command.
Press: ? - help, v - describe, . - travel
Here: an orc, wielding a +2 whip of electrocution The floor.
You barely miss the orc.
The orc hits you with a +2 whip of electrocution.
You die...

##.###.##.# #.#####
#.......#.# # #
#...###.#.## # #...#
#....# # #...#
#..#.################
#...#
#..#.#....o..o..o....
#...#
#....#.##############
#...# #.#..#$# #...#
#...@o.# #...#
####)..### #.# #...#
#........# # #.#
#...# #..[.....# #
#.###...###........#
#
#.#.......#.....>..#
#
#.#.#####.#........#
# #.#.# #.#........#
# #.#.# #.#........#


You could see an orc.

Vanquished Creatures
  An orc priest (D:2)
  An orc wizard (D:3)
  A dart slug (D:2)
  6 orcs (D:3)
  7 ball pythons
  5 endoplasms
  4 goblins
  6 hobgoblins
  6 jackals (D:1)
  5 kobolds
  2 quokkas
  2 bats (D:1)
  2 frilled lizards (D:2)
  2 rats
50 creatures vanquished.

Vanquished Creatures (others)
  A plant (D:1)
1 creature vanquished.

Grand Total: 51 creatures vanquished

Notes
Turn   | Place    | Note
-------+----------+-------------------------------------------
     0 | D:1      | freelancePsychic the Barachi Necromancer began the quest
                  | for the Orb.
     0 | D:1      | Reached XP level 1. HP: 13/13 MP: 3/3
   383 | D:1      | Reached skill level 1 in Fighting
   383 | D:1      | Reached XP level 2. HP: 2/21 MP: 0/5
  1379 | D:1      | Reached XP level 3. HP: 25/27 MP: 3/6
  1405 | D:1      | Learned a level 3 spell: Vampiric Draining
  2232 | D:2      | Found Nehuxt's Armour Boutique.
  2270 | D:2      | Reached skill level 4 in Necromancy
  2809 | D:3      | Reached XP level 4. HP: 30/34 MP: 2/7
  3375 | D:2      | Reached XP level 5. HP: 23/41 MP: 0/8
  3524 | D:3      | HP: 2/41 [orc (10)]
  3525 | D:3      | Slain by an orc

Illustrated notes

Levels and vault maps discovered:
D:1:      kilobyte_arrival_exit_the_forest, layout_loops_corners,
          serial_bayou_ford_a
D:2:      layout_basic, serial_shops, nicolae_shop_trees
D:3:      layout_basic, chequers_ecumenical_altar_grove

Skill      XL: |  1  2  3  4 |
---------------+-------------+-----
Fighting       | 1 2 3 |  3.5
Necromancy     | 4 |  4.5
Dodging        | |  2.5
Stealth        | |  1.7
Spellcasting   | |  2.4

Action                   |  1- 3 |  4- 6 || total
-------------------------+-------+-------++-------
Melee: Unarmed           |    13 |       ||    13
       Mace              |     9 |       ||     9
       Spear             |    29 |    44 ||    73
       Punch             |       |     1 ||     1
       Falchion          |       |     5 ||     5
 Cast: Pain              |    59 |     9 ||    68
       Vampiric Draining |     1 |     6 ||     7
 Abil: Hop               |       |     1 ||     1
  Use: Potion            |       |     1 ||     1
Armor: Robe              |    14 |    15 ||    29
Dodge: Dodged            |    39 |    35 ||    74
